 Dungeon Crawl Stone Soup version 0.21.1-1-g345015f (webtiles) character file.

287 KaZZacH the Magician (level 6, 0/32 HPs)
             Began as a Deep Elf Wizard on May 8, 2018.
             Slain by an orc priest
             ... wielding a +0 club
              (2 damage)
             ... on level 3 of the Dungeon on May 9, 2018.
             The game lasted 00:18:55 (4306 turns).

KaZZacH the Magician (Deep Elf Wizard)              Turns: 4306, Time: 00:18:56

Health: 0/32       AC:  5    Str:  4    XL:     6   Next: 8%
Magic:  4/16       EV: 13    Int: 25    God:
Gold:   147        SH:  0    Dex: 13    Spells: 6/15 levels left

rFire    + . .     SeeInvis .   k - +0 dagger
rCold    x . .     Gourm    .   (no shield)
rNeg     . . .     Faith    .   a - +0 robe
rPois    .         Spirit   .   b - +0 hat
rElec    .         Reflect  .   (no cloak)
rCorr    .         Harm     .   q - +2 pair of gloves
MR       .....                  (no boots)
Stlth    ++........             (no amulet)
HPRegen  0.10/turn              m - ring of fire
MPRegen  0.15/turn              (no ring)

@: no status effects
A: no striking features
a: no special abilities


You were on level 3 of the Dungeon.
You were not hungry.

You visited 1 branch of the dungeon, and saw 3 of its levels.

You collected 147 gold pieces.

Inventory:

Hand Weapons
 j - a +0 club
 k - a +0 dagger (weapon)
Missiles
 s - 7 stones (quivered)
Armour
 a - a +0 robe (worn)
 b - a +0 hat (worn)
 q - a +2 pair of gloves (worn)
Jewellery
 m - a ring of fire (left hand)
Scrolls
 e - 3 scrolls of teleportation {unknown}
 h - 3 scrolls of identify {unknown}
 l - 2 scrolls of remove curse {unknown}
 r - a scroll of enchant weapon {unknown}
Potions
 f - 2 potions of magic {unknown}
 g - a potion of might {unknown}
 i - a potion of curing {unknown}
 n - a potion of degeneration {unknown}
 o - a potion of ambrosia {unknown}
 p - a potion of berserk rage {unknown}
Books
 c - a book of Minor Magic

   Spells                             Type                      Level
   a - Magic Dart                     Conjuration                  1
   b - Blink                          Translocation                2
   c - Call Imp                       Summoning                    2
   d - Slow                           Hexes                        2
   e - Conjure Flame                  Conjuration/Fire             3
   f - Mephitic Cloud                 Conjuration/Poison/Air       3
Comestibles
 d - 6 rations


   Skills:
 + Level 3.6 Dodging
 + Level 3.8 Stealth
 + Level 5.3 Spellcasting
 * Level 3.7 Conjurations
   Level 1.1 Summonings
 + Level 2.0 Translocations
 + Level 1.4 Fire Magic
 + Level 1.2 Air Magic
 + Level 1.3 Poison Magic


You had 6 spell levels left.
You knew the following spells:

 Your Spells              Type           Power        Failure   Level  Hunger
a - Magic Dart            Conj           ####         1%          1    None
b - Blink                 Tloc           N/A          5%          2    None
c - Conjure Flame         Conj/Fire      ####....     9%          3    #......
d - Mephitic Cloud        Conj/Pois/Air  ###.....     10%         3    #......


Dungeon Overview and Level Annotations

Branches:
Dungeon (3/15)

Altars:
Nemelex Xobeh
Vehumet


Message History

The orc priest barely misses you.
Casting: Magic Dart
Confirm with . or Enter, or press ? or * to list all spells.
Aiming: Magic Dart
Press: ? - help, Shift-Dir - straight line, f/p - orc priest
Aim: an orc priest, wielding a club and wearing a chain mail (almost dead)
The magic dart hits the orc priest.
The orc priest is almost dead.
The orc priest invokes the aid of Beogh against you.
Pain shoots through your body!
* * * LOW HITPOINT WARNING * * *
Casting: Magic Dart
Confirm with . or Enter, or press ? or * to list all spells.
Aiming: Magic Dart
Press: ? - help, Shift-Dir - straight line, f/p - orc priest
Aim: an orc priest, wielding a club and wearing a chain mail (almost dead)
The magic dart hits the orc priest.
The orc priest is almost dead.
The orc priest hits you with a club.
You die...

.######.##### #.##### # .# #.###
#.# # )# #...# #.# # '## ###.#
#.# # ..#######.##### #.# ##
...##.........# #.#### ##.
)...#.###..##.# #.##.######..
......###...#.#######.#......#...
.).............o@............'...
......###.....####.##.#...##.#...
....#.####.#..# #.##.#..###.##..
...##.........# #.##......#.###.
..##########.## #.####..#.#.# ##
'## #.# #.####..#.#.# # .# #.#
#......†#.#.# .# #.#
######......# .# #.# ####.### #


You could see an orc priest.

Vanquished Creatures
  Grinder (D:3)
  5 adders
  A worm (D:2)
  3 dart slugs
  A leopard gecko (D:3)
  4 orcs (D:3)
  5 bats
  A giant cockroach (D:1)
  4 goblins
  4 hobgoblins
  4 jackals (D:2)
  3 kobolds (D:2)
  A quokka (D:2)
  9 frilled lizards
  5 rats
51 creatures vanquished.

Vanquished Creatures (others)
  A rat (D:2)
1 creature vanquished.

Grand Total: 52 creatures vanquished

Notes
Turn   | Place    | Note
-------+----------+-------------------------------------------
     0 | D:1      | KaZZacH the Deep Elf Wizard began the quest for the Orb.
     0 | D:1      | Reached XP level 1. HP: 10/10 MP: 7/7
  1156 | D:1      | Reached XP level 2. HP: 15/15 MP: 3/9
  1285 | D:2      | Found a radiant altar of Vehumet.
  1742 | D:1      | Learned a level 2 spell: Blink
  2203 | D:2      | Reached XP level 3. HP: 19/19 MP: 6/11
  2254 | D:2      | Found a sparkling altar of Nemelex Xobeh.
  2488 | D:3      | Learned a level 3 spell: Conjure Flame
  2496 | D:3      | Learned a level 3 spell: Mephitic Cloud
  3126 | D:2      | Reached XP level 4. HP: 24/24 MP: 6/12
  3233 | D:2      | Reached skill level 5 in Spellcasting
  3671 | D:3      | Noticed Grinder
  3688 | D:3      | Killed Grinder
  3688 | D:3      | Reached skill level 1 in Fire Magic
  3688 | D:3      | Reached skill level 1 in Air Magic
  3688 | D:3      | Reached skill level 1 in Poison Magic
  3688 | D:3      | Reached XP level 5. HP: 28/28 MP: 12/14
  3688 | D:3      | Reached XP level 6. HP: 32/32 MP: 13/16
  4306 | D:3      | Slain by an orc priest

Skill      XL: |  1  2  3  4  5  6 |
---------------+-------------------+-----
Conjurations   | 2 3 |  3.7
Stealth        | 3 |  3.8
Dodging        | 3 |  3.6
Spellcasting   | 5 |  5.3
Fire Magic     | 1 |  1.4
Air Magic      | 1 |  1.2
Poison Magic   | 1 |  1.3
Translocations | 2 |  2.0
Summonings     | |  1.1

Action                   |  1- 3 |  4- 6 || total
-------------------------+-------+-------++-------
Melee: Unarmed           |     3 |    10 ||    13
       Dagger            |    43 |       ||    43
 Cast: Magic Dart        |    97 |    48 ||   145
       Blink             |     1 |     9 ||    10
       Conjure Flame     |     2 |     1 ||     3
 Stab: Confused          |       |     1 ||     1
  Eat: Chunk             |     7 |       ||     7
       Ration            |       |     1 ||     1
Armor: Robe              |    25 |     5 ||    30
Dodge: Dodged            |    81 |    13 ||    94
